 Dungeon Crawl Stone Soup version 0.31.0-32-g396128a36d (webtiles) character file.

Game seed: 7174679874698959844

1332 Egg the Toxicologist (level 8, -1/55 HPs)
             Began as an Octopode Alchemist on Mar 22, 2024.
             Was an Initiate of Gozag.
             Slain by a sky beast (5 damage)
             ... on level 6 of the Dungeon.
             The game lasted 00:12:15 (4735 turns).

Egg the Toxicologist (Octopode Alchemist)           Turns: 4735, Time: 00:12:16

Health: -1/55      AC:  2    Str:  7    XL:     8   Next: 61%
Magic:  0/11       EV: 13    Int: 20    God:    Gozag
Gold:   257        SH:  0    Dex: 12    Spells: 3/11 levels left

rFire   . . .        n - +3 mace (protect)
rCold   . . .        (no shield)
rNeg    . . .        c - +1 hat
rPois   .            (no amulet)
rElec   .            i - +4 ring of slaying
rCorr   .            (no ring)
SInv    .            (no ring)
Will    .....        (no ring)
Stlth   +++          (no ring)
HPRegen 0.29/turn    (no ring)
MPRegen 0.12/turn    (no ring)
                     (no ring)

%: no passive effects
@: gold aura
A: almost no armour, amphibious, 8 rings, camouflage 1, gelatinous body 1,
(nimble swimmer 1), tentacles
a: Renounce Religion, Potion Petition, Call Merchant, Bribe Branch


You were on level 6 of the Dungeon.
You worshipped Gozag.
Gozag was aware of your devotion.
You visited 2 branches of the dungeon, and saw 7 of its levels.

You collected 470 gold pieces.
You spent 161 gold pieces at shops.
You paid 52 gold pieces to Gozag.

Inventory:

Hand Weapons
 d - a +3 dagger
 n - a +3 mace of protection (weapon)
Missiles
 q - 2 throwing nets
Armour
 c - a +1 hat (worn)
Jewellery
 i - a +4 ring of slaying (left tentacle)
Wands
 t - a wand of charming (12)
Scrolls
 b - a scroll of fog
 g - a scroll of revelation
 h - 2 scrolls of teleportation
 j - a scroll of poison
 k - a scroll of brand weapon
 l - 3 scrolls of immolation
 o - a scroll of fear
Potions
 a - a potion of magic
 e - 2 potions of attraction {unknown}
 m - 2 potions of berserk rage {unknown}
 p - a potion of enlightenment {unknown}
 r - a potion of might {unknown}
 s - a potion of haste {unknown}
 u - a potion of heal wounds {unknown}


   Skills:
 - Level 5.0 Fighting
 - Level 2.0 Dodging
 - Level 2.6 Stealth
 - Level 2.0 Spellcasting
 - Level 1.0 Conjurations
 * Level 5.6 Necromancy
 - Level 8.0 Alchemy


You had 3 spell levels left.
You knew the following spells:

 Your Spells              Type           Power      Damage    Failure   Level
a - Sting                 Conj/Alch      80%        1d8       2%          1
b - Olgreb's Toxic Radia  Alch           34%        N/A       6%          4
c - Vampiric Draining     Necr           24%        2d7       4%          3

Your spell library contained the following spells:

 Spells                   Type           Power      Damage    Failure   Level
 Cigotuvi's Dreadful Rot  Necr/Alch/Air  40%        N/A       3%          2
 Kiss of Death            Conj/Necr      60%        2d10      4%          1
 Mercury Vapours          Alch/Air       36%        N/A       4%          2
 Shock                    Conj/Air       16%        1d4       13%         1
 Mephitic Cloud           Conj/Alch/Air  14%        N/A       14%         3
 Slow                     Hex            8%         N/A       16%         1
 Confusing Touch          Hex            2%         N/A       43%         3
 Sigil of Binding         Hex            2%         N/A       43%         3
 Swiftness                Air            2%         N/A       43%         3
 Dispel Undead            Necr           24%        3d12      16%         4
 Ignite Poison            Fire/Alch      18%        N/A       30%         4
 Leda's Liquefaction      Alch/Erth      9%         N/A       30%         4
 Sticky Flame             Fire/Alch      18%        2d6       30%         4
 Airstrike                Air            1%         2d(1-17)  83%         4
 Cause Fear               Hex            1%         N/A       83%         4
 Fireball                 Conj/Fire      2%         3d4       98%         5
 Freezing Cloud           Conj/Ice/Air   1%         6-21      98%         5
 Lee's Rapid Deconstruct  Erth           1%         3d4*      99%         5
 Bombard                  Conj/Erth      2%         9d1       100%        6
 Dragon's Call            Summ           1%         N/A       100%        9


Dungeon Overview and Level Annotations

Branches:
Dungeon (6/15)             Temple (1/1) D:4

Altars:
Ashenzari
Cheibriados
Dithmenos
Elyvilon
Fedhas
Gozag
Hepliaklqana
Kikubaaqudgha
Makhleb
Nemelex Xobeh
Okawaru
Qazlal
Trog
Vehumet
Wu Jian
Xom
Yredelemnul
Zin
The Shining One

Shops:
D:5 ?(


Innate Abilities, Weirdness & Mutations

You cannot wear most types of armour.
You are amphibious.
You can wear up to eight rings at the same time.
Your skin changes colour to match your surroundings (Stealth+).
Your rubbery body absorbs attacks. (AC +1, EV +1)
((You are camouflaged when in or above water. (Stealth+)))
You have tentacles for arms and can constrict up to eight enemies at once.


Message History

The orc moves out of view.
An orc comes into view. It is wielding a +0 flail.
A sky beast comes into view.
The orc shouts!
You hear a shout!
You hear a loud, deep croak!
The sky beast hits you. The sky beast shocks you.
You hit the sky beast.
Your weapon exudes an aura of protection.
The sky beast is lightly wounded.
The sky beast barely misses you.
Found a stone staircase leading up.
You completely miss the sky beast.
The sky beast is lightly wounded.
The sky beast flickers out of sight!
Something hits you. Something shocks you.
* * * LOW HITPOINT WARNING * * *
You feel better. Something hits you. Something shocks you.
* * * LOW HITPOINT WARNING * * *
Casting: Vampiric Draining (dangerous; 4% risk of failure)
Confirm with . or Enter, or press ? or * to list all spells.
You begin to radiate toxic energy.
The orc warrior is poisoned.
The orc is poisoned.
The orc warrior looks even sicker.
The orc looks even sicker.
Something hits you but does no damage.
You feel better.
The orc warrior looks even sicker.
Something hits you. Something shocks you.
* * * LOW HITPOINT WARNING * * *
The orc warrior misses you.
A hound comes into view.
You closely miss something.
The orc is poisoned.
You kill the orc!
The hound barks!
The hound is poisoned.
Your toxic aura wanes.
Something hits you.
* * * LOW HITPOINT WARNING * * *
Something shocks you.
* * * LOW HITPOINT WARNING * * *
The orc warrior barely misses you. Something hits you.
* * * LOW HITPOINT WARNING * * *
Something shocks you.
You die...
Your body crumbles into a pile of gold.

...........#..##...o....
..#.......###..###.#....
. ###.##..###..#....###.
o. #..#....g.o#..## ##.
##...####.##.... #. ##.#
##.##.#### ...####.o$..#
..#......{...# ..
..###.@..## #...##
......# .......##
#......... #..........
....h....#. .....<......


You could see an orc warrior (very poisoned), a hound (poisoned), a gnoll and an
orc (poisoned).

Vanquished Creatures
  An ice beast (D:5)
  An ogre (D:4)
  A centaur (D:5)
  3 scorpions
  6 killer bees (D:4)
  2 bombardier beetles
  A jelly (D:5)
  3 hounds
  Jessica (D:2)
  3 iguanas
  2 sleepcaps
  Ijyb (D:5)
  An orc wizard (D:5)
  8 adders
  7 gnolls
  A shadow imp (D:3)
  2 ufetubi (D:5)
  A ribbon worm (D:3)
  A dart slug (D:1)
  12 orcs
  4 bats
  6 endoplasms
  5 giant cockroaches
  4 hobgoblins
  5 jackals
  6 kobolds
  4 quokkas
  8 ball pythons
  3 goblins
  5 rats
108 creatures vanquished.

Notes
Turn   | Place    | Note
-------+----------+-------------------------------------------
     0 | D:1      | Egg the Octopode Alchemist began the quest for the Orb.
     0 | D:1      | Reached XP level 1. HP: 11/11 MP: 3/3
   176 | D:1      | Reached XP level 2. HP: 8/17 MP: 5/5
   180 | D:1      | Reached skill level 4 in Alchemy
   535 | D:1      | Reached XP level 3. HP: 3/21 MP: 3/6
   925 | D:2      | Reached skill level 5 in Alchemy
  1022 | D:2      | Reached XP level 4. HP: 22/27 MP: 5/7
  1132 | D:2      | Found a blossoming altar of Fedhas.
  1138 | D:2      | Noticed Jessica
  1144 | D:2      | Killed Jessica
  1438 | D:2      | Found a faded altar of an unknown god.
  1613 | D:3      | Learned a level 4 spell: Olgreb's Toxic Radiance
  1834 | D:3      | Reached skill level 6 in Alchemy
  1900 | D:3      | Reached XP level 5. HP: 31/31 MP: 8/8
  2267 | D:3      | Found a sparkling altar of Nemelex Xobeh.
  2268 | D:3      | Found a hazy altar of Hepliaklqana.
  2683 | D:4      | Reached skill level 7 in Alchemy
  2697 | D:4      | Reached XP level 6. HP: 22/36 MP: 1/9
  3088 | D:4      | Reached skill level 8 in Alchemy
  3185 | D:4      | Found a staircase to the Ecumenical Temple.
  3192 | Temple   | Entered the Ecumenical Temple
  3208 | Temple   | Became a worshipper of Gozag Ym Sagoz the Greedy
  3245 | D:4      | Reached XP level 7. HP: 45/45 MP: 1/10
  3683 | D:5      | Entered Level 5 of the Dungeon
  3688 | D:5      | Reached skill level 5 in Fighting
  3805 | D:5      | Reached skill level 1 in Necromancy
  3825 | D:5      | Reached XP level 8. HP: 55/55 MP: 2/11
  3843 | D:5      | Learned a level 3 spell: Vampiric Draining
  3920 | D:5      | Found Wiyrr's Weapon Boutique.
  4172 | D:5      | Noticed Ijyb
  4185 | D:5      | Killed Ijyb
  4358 | D:5      | Found Faehuep's Magic Scroll Shoppe.
  4367 | D:5      | Bought a scroll of enchant armour for 105 gold pieces
  4367 | D:5      | Bought a scroll of identify for 28 gold pieces
  4367 | D:5      | Bought a scroll of identify for 28 gold pieces
  4672 | D:6      | Reached skill level 5 in Necromancy
  4735 | D:6      | Slain by a sky beast

Illustrated notes

Levels and vault maps discovered:
D:1:      dpeg_arrival_rhombi, layout_loops_ring
D:2:      layout_basic, basic_altar, hellmonk_ecumenical_altar_heavens_door,
          uniq_jessica
D:3:      layout_loops_ring, chequers_temple_overflow_statue_of_worship
D:4:      layout_loops_ring, minmay_temple_entry_crystal_x,
          minmay_fractal_squares_diagonal_5
D:5:      layout_basic, serial_shops, nicolae_diamond_shop, nicolae_square_shop,
          uniq_ijyb
D:6:      layout_cave_pools, serial_shops, shop, serial_gnoll_camp,
          grums_kennel, gnoll_camp_mini_hut, gnoll_camp_mini_basic,
          gnoll_camp_mini_doghouse, gnoll_camp_mini_shop, portal_sewer_entry_b
Temple:   bh_familiar_temple

Skill      XL: |  1  2  3  4  5  6  7  8 |
---------------+-------------------------+-----
Alchemy        | 4 5 6 7 8 |  8.0
Fighting       | 2 5 |  5.0
Necromancy     | 2 5 |  5.6
Dodging        | |  2.0
Stealth        | |  2.6
Spellcasting   | |  2.0
Conjurations   | |  1.0

Action                     |  1- 3 |  4- 6 |  7- 9 || total
---------------------------+-------+-------+-------++-------
  Melee: Long sword        |    58 |    20 |       ||    78
         Constrict         |    15 |    16 |     6 ||    37
         Unarmed           |     3 |       |       ||     3
         Tentacles         |     7 |    12 |     4 ||    23
         Mace              |       |    46 |    30 ||    76
         Punch             |       |     2 |       ||     2
   Cast: Sting             |     8 |     5 |     5 ||    18
         Olgreb's Toxic Ra |       |     7 |    21 ||    28
         Vampiric Draining |       |       |     3 ||     3
    Use: Scroll            |       |     6 |     5 ||    11
         Potion            |       |       |     3 ||     3
   Stab: Sleeping          |     7 |    12 |     3 ||    22
 Armour: Skin              |    33 |    30 |    35 ||    98
  Dodge: Dodged            |    56 |    45 |    24 ||   125
